 Dungeon Crawl Stone Soup version 0.32-a0-30-gefbe487952 (webtiles) character file.

Game seed: 9159241046135591587

632 Slince the Magician (level 7, -1/37 HPs)
             Began as a Felid Conjurer on Jan 20, 2024.
             Was an Initiate of Sif Muna.
             Slain by Duvessa
             ... wielding a +0 rapier
              (11 damage)
             ... on level 4 of the Dungeon.
             The game lasted 01:07:57 (6792 turns).

Slince the Magician (Felid Conjurer)                Turns: 6792, Time: 01:07:57

Health: -1/37      AC:  2    Str:  3    XL:     7   Next: 24%
Magic:  8/16       EV: 17    Int: 24    God:    Sif Muna [......]
Gold:   155        SH:  5    Dex: 14    Spells: 5/16 levels left
                                        Lives:  0   Deaths: 3

rFire   + . .        (weapon unavailable)
rCold   . . .        (shield unavailable)
rNeg    . . .        (body armour unavailable)
rPois   .            (helmet unavailable)
rElec   .            (cloak unavailable)
rCorr   .            (gloves unavailable)
SInv    +            (boots unavailable)
Will    +....        r - amulet of reflection
Stlth   ++           i - ring of protection from fire
HPRegen 0.26/turn    (no ring)
MPRegen 0.15/turn

%: reflection
@: lethally poisoned (-1 -> -10), beast-form, very slightly contaminated,
inugami summoned
A: beast (slay +0), very small, claws 1, fangs 3, see invisible, shaggy fur 2,
stealthy paws, no weapons or thrown items, no armour, multi-lived
a: Begin Untransformation, Renounce Religion


You were on level 4 of the Dungeon.
You worshipped Sif Muna.
Sif Muna was noncommittal.
You were a hulking beast.
You visited 1 branch of the dungeon, and saw 5 of its levels.

You collected 155 gold pieces.

Inventory:

Magical Staves
 j - a staff of death
Jewellery
 i - a ring of protection from fire (left paw)
 r - an amulet of reflection (around neck)
Talismans
 k - a blade talisman
 n - a beast talisman (active)
 s - a flux talisman
Wands
 l - a wand of charming (20)
 m - a wand of light (13)
Scrolls
 b - a scroll of amnesia {unknown}
 c - 5 scrolls of identify {unknown}
 d - 2 scrolls of immolation {unknown}
 f - a scroll of torment {unknown}
 g - 2 scrolls of revelation {unknown}
 h - a scroll of noise {unknown}
 o - a scroll of teleportation {unknown}
Potions
 a - a potion of magic
 e - a potion of curing {unknown}
 p - a potion of lignification {unknown}
 q - a potion of heal wounds {unknown}


   Skills:
 * Level 3.8 Fighting
 - Level 2.7 Dodging
 + Level 3.4 Stealth
 - Level 0.3 Unarmed Combat
 * Level 5.4 Spellcasting
 + Level 4.3 Conjurations
 + Level 1.4 Summonings
 - Level 0.1 Alchemy


You had 5 spell levels left.
You knew the following spells:

 Your Spells              Type           Power      Damage    Failure   Level
a - Magic Dart            Conj           100%       1d8       1%          1
b - Searing Ray           Conj           54%        2d6       2%          2
c - Fulminant Prism       Conj/Alch      8%         3d7       32%         4
d - Summon Small Mammal   Summ           52%        N/A       4%          1
e - Call Canine Familiar  Summ           13%        N/A       14%         3

Your spell library contained the following spells:

 Spells                   Type           Power      Damage    Failure   Level
 Iskenderun's Mystic Bla  Conj/Tloc      17%        2d5       34%         4
 Summon Blazeheart Golem  Fire/Summ      9%         N/A       54%         4
 Animate Dead             Necr           6%         N/A       63%         4
 Leda's Liquefaction      Alch/Erth      3%         N/A       63%         4
 Borgnjor's Vile Clutch   Necr/Erth      3%         N/A       93%         5
 Lee's Rapid Deconstruct  Erth           3%         3d5*      93%         5
 Bombard                  Conj/Erth      8%         9d2       99%         6
 Death Channel            Necr           3%         N/A       100%        6


Dungeon Overview and Level Annotations

Branches:
Dungeon (5/15)
 Temple: D:4-7

Altars:
Ashenzari
Cheibriados
Sif Muna
Xom
Yredelemnul

Annotations:
D:4 Duvessa


Innate Abilities, Weirdness & Mutations

You are a hulking beast.
Your limbs bulge with bestial killing power. (Slay +0)
You have sharp claws.
You have razor-sharp teeth.
You have supernaturally acute eyesight. (SInv)
You are covered in thick fur. (AC +2)
Your paws help you pounce on unaware monsters.
You are incapable of wielding weapons or throwing items.
You cannot wear armour.
You gain extra lives every three experience levels.


Message History

Casting: Call Canine Familiar (quite dangerous; 14% risk of failure)
Confirm with . or Enter, or press ? or * to list all spells.
Okay, then.
You can't remove your fur, sorry.
What are your orders? t - Meow!
Orders for allies: a - Attack new target. p - Attack previous target. r - Retreat! s - Stop attacking. g - Guard the area. f - Follow me.
Anything else - Cancel.
Retreat in which direction?
Press: ? - help, Dir - move target, p - Duvessa Fall back!
Casting: Call Canine Familiar (quite dangerous; 14% risk of failure)
Confirm with . or Enter, or press ? or * to list all spells.
Aiming: Fulminant Prism (extremely dangerous; 32% risk of failure)
Press: ? - help, Dir - move target You miscast Fulminant Prism.
You are very lightly contaminated with residual magic.
There is a flash of cinnabar.
You are poisoned.
You feel very sick.
Casting: Fulminant Prism (extremely dangerous; 32% risk of failure)
Confirm with . or Enter, or press ? or * to list all spells.
Aiming: Fulminant Prism (extremely dangerous; 32% risk of failure)
Press: ? - help, Dir - move target You conjure a prism of explosive energy!
A fulminant prism comes into view.
You feel very sick.
Aiming: Bolt of Light
Press: ? - help, Q - select action, (/) - cycle Shift-Dir - straight line, f - Duvessa
Aim: Duvessa, wielding a +0 rapier and wearing a +0 leather armour (moderately wounded, berserk, 75% to hit)
The bolt of light hits Duvessa!
Duvessa is heavily wounded.
Duvessa is blinded.
You feel very sick. Duvessa barely misses you.
Your fulminant prism crackles loudly.
* * * LOW HITPOINT WARNING * * *
You feel sick. Duvessa barely misses you. Duvessa hits you with a +0 rapier!
You die...

#...##.#.#.#.............#...#.
###.##.....##'#............#.#.
#####.####.####(#.#......#.....#.
......# #.#....#................
......####.#.......#########.#...
...........#...*)#.###..e..[.#.##
...........#..........h..###.#...
...........##..[e##....#.#####.#.
##.........#h...h##....#...).....
##.........#.....##....#######.##
...........#...........# #...
###........#.....####.## ####
#>.............# #.#
###........###.### #.#######
...###########.# #.......# .[.#
##....############.##### ...#
#..........# #.....##...


You could see Duvessa (berserk, blind, unable to see you, ally target), a
friendly fulminant prism and a friendly inugami (summoned).

Vanquished Creatures
  Dowan (D:5)
  A howler monkey (D:4)
  2 hounds
  2 orc priests
  3 iguanas
  Ijyb (D:5)
  Natasha (thrice) (D:3)
  2 orc wizards (D:4)
  7 adders
  A ribbon worm (D:2)
  A dart slug (D:4)
  3 orcs
  5 ball pythons
  5 endoplasms
  4 giant cockroaches
  9 goblins
  8 hobgoblins
  6 kobolds
  5 quokkas
  5 bats
  2 frilled lizards
  A rat (D:1)
77 creatures vanquished.

Vanquished Creatures (collateral kills)
  An orc wizard (D:5)
  An adder (D:5)
  An endoplasm (D:4)
3 creatures vanquished.

Vanquished Creatures (others)
  An orc wizard (D:5)
  9 fulminant prisms
10 creatures vanquished.

Grand Total: 90 creatures vanquished

Notes
Turn   | Place    | Note
-------+----------+-------------------------------------------
     0 | D:1      | Slince the Felid Conjurer began the quest for the Orb.
     0 | D:1      | Reached XP level 1. HP: 9/9 MP: 4/4
   273 | D:1      | Reached XP level 2. HP: 8/14 MP: 0/6
   724 | D:1      | Learned a level 2 spell: Searing Ray
  1092 | D:1      | You fall into a shaft and drop 1 floor!
  1157 | D:2      | Reached skill level 1 in Fighting
  1315 | D:2      | Reached XP level 3. HP: 17/18 MP: 0/7
  2541 | D:3      | Reached skill level 3 in Spellcasting
  2542 | D:3      | Reached XP level 4. HP: 19/22 MP: 2/9
  2542 | D:3      | Gained a life (2 lives remaining)
  2601 | D:3      | Found a faded altar of an unknown god.
  2626 | D:3      | Noticed Natasha
  2630 | D:3      | Killed Natasha
  2773 | D:3      | Learned a level 4 spell: Fulminant Prism
  2788 | D:3      | Found a shimmering altar of Xom.
  2789 | D:3      | Noticed Natasha
  2794 | D:3      | Killed Natasha
  2977 | D:3      | Reached XP level 5. HP: 26/26 MP: 0/11
  3282 | D:3      | Noticed Natasha
  3297 | D:3      | Killed Natasha
  3298 | D:3      | Reached skill level 4 in Spellcasting
  3362 | D:3      | Learned a level 1 spell: Summon Small Mammal
  3611 | D:4      | Found a basalt altar of Yredelemnul.
  3613 | D:4      | Found a shimmering blue altar of Sif Muna.
  3614 | D:4      | Found a broken altar of Ashenzari.
  3641 | D:4      | Became a worshipper of Sif Muna the Loreminder
  4010 | D:4      | Succumbed to poison
  4010 | D:4      | Lost a life (1 life remaining)
  4036 | D:4      | Gained mutation: You are covered in thick fur. (AC +2)
                  | [Felid growth]
  4036 | D:4      | Reached XP level 6. HP: 11/32 MP: 0/13
  4484 | D:4      | Found a snail-covered altar of Cheibriados.
  4904 | D:5      | Entered Level 5 of the Dungeon
  5190 | D:5      | Noticed Dowan
  5190 | D:5      | Noticed Duvessa
  5214 | D:5      | Succumbed to poison
  5214 | D:5      | Lost a life (0 lives remaining)
  5281 | D:5      | Noticed Ijyb
  5330 | D:5      | Killed Ijyb
  5331 | D:5      | Reached skill level 5 in Spellcasting
  5847 | D:4      | Learned a level 3 spell: Call Canine Familiar
  5996 | D:5      | Reached skill level 1 in Summonings
  6005 | D:5      | Reached XP level 7. HP: 23/36 MP: 2/15
  6005 | D:5      | Gained a life (1 life remaining)
  6514 | D:5      | Killed Dowan
  6519 | D:5      | Mangled by Duvessa
  6519 | D:5      | Lost a life (0 lives remaining)
  6792 | D:4      | Slain by Duvessa

Illustrated notes

Levels and vault maps discovered:
D:1:      giann_forest_graveyard, layout_basic
D:2:      layout_loops_corners, st_stairs_11, chequers_serial_rivers_micro_b
D:3:      layout_basic, lemuel_tele_altar, chequers_ecumenical_altar_island,
          guppyfry_early_lair_pool, uniq_natasha
D:4:      layout_basic, grunt_temple_overflow_open, lemuel_doored_altar
D:5:      nicolae_cairo_tiling_large, layout_basic,
          minmay_temple_entry_from_below_a,
          mainiacjoe_sewer_entry_somewhere_in_here_2, uniq_pikel, uniq_duvessa,
          uniq_ijyb

Skill      XL: |  1  2  3  4  5  6 |
---------------+-------------------+-----
Conjurations   | 4 |  4.3
Fighting       | 1 2 3 |  3.8
Stealth        | 3 |  3.4
Spellcasting   | 3 4 5 |  5.4
Summonings     | 1 |  1.4
Dodging        | |  2.7
Unarmed Combat | |  0.3
Alchemy        | |  0.1

Action                     |  1- 3 |  4- 6 |  7- 9 || total
---------------------------+-------+-------+-------++-------
  Melee: Unarmed           |     5 |    66 |     4 ||    75
         Bite              |       |     8 |     1 ||     9
         Punch             |       |     1 |       ||     1
   Cast: Magic Dart        |    75 |    42 |     8 ||   125
         Searing Ray       |     6 |    11 |     4 ||    21
         Fulminant Prism   |       |     9 |     1 ||    10
         Summon Small Mamm |       |    30 |       ||    30
         Call Canine Famil |       |     2 |     3 ||     5
  Evoke: Wand              |       |       |     2 ||     2
    Use: Potion            |       |     1 |       ||     1
   Stab: Sleeping          |       |     3 |       ||     3
 Armour: Skin              |    11 |    42 |    12 ||    65
  Dodge: Dodged            |    20 |    85 |    11 ||   116
  Block: Other             |       |       |     5 ||     5
   Form: Beast             |       |     1 |       ||     1

Table legend: (Time is in decaauts)
 A = Elapsed time spent in this place.
 B = Non-inter-level travel time spent in this place.
 C = Inter-level travel time spent in this place.
 D = Time resting spent in this place.
 E = Time spent auto-exploring this place.
 F = Levels seen in this place.
 G = Mean time per level.
                   A        B        C        D        E       F      G
               +--------+--------+--------+--------+--------+-----+--------+
         Total |   6796 |   6625 |    171 |   1601 |   2602 |   5 | 1359.2 |
       Dungeon |   6796 |   6625 |    171 |   1601 |   2602 |   5 | 1359.2 |
               +--------+--------+--------+--------+--------+-----+--------+

Top non-repeatable levels by time:
     D:4: 2157 daAuts
     D:1: 1241 daAuts
     D:2: 1197 daAuts
     D:3: 1149 daAuts
     D:5: 1050 daAuts
